 Dungeon Crawl Stone Soup version 0.30.1-9-gdf580d7c3d (webtiles) character file.

Game seed: 12587403575718269504

177 voltaire321 the Stinger (level 5, -5/38 HPs)
             Began as a Merfolk Venom Mage on Oct 13, 2023.
             Slain by an ice beast (7 damage)
             ... on level 3 of the Dungeon.
             The game lasted 00:06:27 (1776 turns).

voltaire321 the Stinger (Merfolk Venom Mage)        Turns: 1776, Time: 00:06:28

Health: -5/38      AC:  2    Str: 10    XL:     5   Next: 57%
Magic:  9/9        EV: 13    Int: 15    God:
Gold:   59         SH:  0    Dex: 14    Spells: 4/9 levels left

rFire   . . .        p - +2 sling (elec)
rCold   . . .        (no shield)
rNeg    . . .        a - +0 robe
rPois   .            (no helmet)
rElec   .            (no cloak)
rCorr   .            (no gloves)
SInv    +            (no boots)
Will    .....        (no amulet)
Stlth   ++           k - ring of see invisible
HPRegen 0.26/turn    (no ring)
MPRegen 0.11/turn

%: no passive effects
@: no status effects
A: (nimble swimmer 2), mertail
a: no special abilities


You were on level 3 of the Dungeon.
You visited 1 branch of the dungeon, and saw 3 of its levels.

You collected 85 gold pieces.
You spent 26 gold pieces at shops.

Inventory:

Hand Weapons
 f - a +0 short sword
 p - a +2 sling of electrocution (weapon)
Missiles
 c - 6 poisoned darts
Armour
 a - a +0 robe (worn)
Jewellery
 k - a ring of see invisible (left hand)
Wands
 o - a wand of quicksilver (6)
Scrolls
 g - 3 scrolls of poison {unknown}
 i - 2 scrolls of enchant weapon {unknown}
 j - 2 scrolls of vulnerability {unknown}
 l - 2 scrolls of identify
 n - a scroll of teleportation
Potions
 b - 2 potions of magic
 d - 2 potions of heal wounds
 e - 2 potions of degeneration
 h - a potion of haste
 m - a potion of curing {unknown}


   Skills:
 + Level 2.2 Fighting
 + Level 1.4 Armour
 + Level 3.8 Dodging
 - Level 2.1 Stealth
 + Level 2.8 Spellcasting
 - Level 2.0 Transmutations
 + Level 4.2 Poison Magic


You had 4 spell levels left.
You knew the following spells:

 Your Spells              Type           Power      Damage    Failure   Level
a - Sting                 Tmut/Pois      44%        1d5       6%          1
b - Olgreb's Toxic Radia  Pois           14%        N/A       34%         4

Your spell library contained the following spells:

 Spells                   Type           Power      Damage    Failure   Level
 Poisonous Vapours        Pois/Air       16%        N/A       13%         2
 Mephitic Cloud           Conj/Pois/Air  6%         N/A       34%         3


Dungeon Overview and Level Annotations

Branches:
Dungeon (3/15)

Altars:
Elyvilon

Shops:
D:2 ?


Innate Abilities, Weirdness & Mutations

((You are very nimble when in or above water. (Stealth+, EV+, Speed+++)))
Your lower body shifts to a powerful aquatic tail in water.


Message History

The sling bullet closely misses the bat.
The bat hits you. The bat closely misses you.
Fire: p) +2 sling (elec)
Press: ? - help, Q - select action, (/) - cycle Shift-Dir - straight line, f/p - bat
Aim: a bat (44% to hit)
You shoot a sling bullet. The sling bullet hits the bat.
You kill the bat!
You hear the slow rusting of a distant drain.
Found a rat corpse.
Found a white marble altar of Elyvilon.
Magic restored.
An ice beast comes into view.
You shoot a sling bullet.
The sling bullet hits the bush but does no damage.
Fire: p) +2 sling (elec)
Press: ? - help, Q - select action, (/) - cycle Shift-Dir - straight line, f - ice beast
Aim: an ice beast (59% to hit)
You shoot a sling bullet.
The sling bullet barely misses the ice beast.
Fire: p) +2 sling (elec)
Press: ? - help, Q - select action, (/) - cycle Shift-Dir - straight line, f/p - ice beast
Aim: an ice beast (59% to hit)
You shoot a sling bullet. The sling bullet hits the ice beast.
The ice beast is lightly wounded.
Fire: p) +2 sling (elec)
Press: ? - help, Q - select action, (/) - cycle Shift-Dir - straight line, f/p - ice beast
Aim: an ice beast (lightly wounded, 59% to hit)
You shoot a sling bullet.
The sling bullet closely misses the ice beast.
The ice beast hits you. The ice beast freezes you!
Fire: p) +2 sling (elec)
Press: ? - help, Q - select action, (/) - cycle Shift-Dir - straight line, f/p - ice beast
Aim: an ice beast (lightly wounded, 59% to hit)
You shoot a sling bullet. The sling bullet hits the ice beast.
The ice beast is moderately wounded.
The ice beast hits you. The ice beast freezes you!
* * * LOW HITPOINT WARNING * * *
The ice beast hits you.
* * * LOW HITPOINT WARNING * * *
The ice beast freezes you!
You die...

♣P..._...P
#♣.♣...b.♣ #+#
#P.♣♣P.P♣ #.#
#.PP♣♣.♣♣.P
###.#######
#≈~...P..P~~#
#.........#
#≈~.P♣♣♣..~~#
##....####.#
###..# #..##
.......# #.# #Y##
#...
##....####.#####@#
###.
#.#.#...........#
##.#.#.###.#######
..†....# #.#
##.#.#####.#
#...<.....#
...#.#######
####.. #.#


You could see an ice beast.

Vanquished Creatures
  A scorpion (D:3)
  7 adders
  2 worms
  A dart slug (D:2)
  3 endoplasms
  2 goblins (D:2)
  6 hobgoblins
  4 jackals (D:1)
  2 quokkas (D:2)
  6 ball pythons
  6 bats
  A frilled lizard (D:1)
  2 kobolds (D:1)
  7 rats
50 creatures vanquished.

Notes
Turn   | Place    | Note
-------+----------+-------------------------------------------
     0 | D:1      | voltaire321 the Merfolk Venom Mage began the quest for the
                  | Orb.
     0 | D:1      | Reached XP level 1. HP: 13/13 MP: 3/3
   228 | D:1      | Reached XP level 2. HP: 12/20 MP: 3/5
   596 | D:1      | Reached skill level 1 in Fighting
   708 | D:1      | Reached XP level 3. HP: 23/26 MP: 0/6
   923 | D:2      | Reached XP level 4. HP: 17/32 MP: 1/7
   962 | D:2      | Reached skill level 1 in Armour
  1138 | D:2      | Found Uttoarar's Magic Scroll Shoppe.
  1147 | D:2      | Bought a scroll of identify for 26 gold pieces
  1208 | D:2      | Learned a level 4 spell: Olgreb's Toxic Radiance
  1548 | D:2      | Reached skill level 4 in Poison Magic
  1716 | D:3      | Reached XP level 5. HP: 38/38 MP: 8/8
  1762 | D:3      | Found a white marble altar of Elyvilon.
  1763 | D:3      | Noticed an ice beast
  1776 | D:3      | Slain by an ice beast

Illustrated notes

Levels and vault maps discovered:
D:1:      eino_arrival_druids_welcome, layout_basic
D:2:      layout_loops_ring, serial_shops, shop
D:3:      layout_loops_corners, nicolae_elyvilon_peaceful_grove,
          lightli_sewer_entry_pipes, minmay_misc_feat_diagonals,
          nicolae_goblin_pals, uniq_robin, uniq_sigmund

Skill      XL: |  1  2  3  4  5 |
---------------+----------------+-----
Fighting       | 1 2 |  2.2
Dodging        | 3 |  3.8
Transmutations | 2 |  2.0
Armour         | 1 |  1.4
Poison Magic   | 4 |  4.2
Stealth        | |  2.1
Spellcasting   | |  2.8

Action                     |  1- 3 |  4- 6 || total
---------------------------+-------+-------++-------
  Melee: Unarmed           |     8 |       ||     8
         Short sword       |    57 |    16 ||    73
   Fire: Sling             |       |    43 ||    43
   Cast: Sting             |    41 |     9 ||    50
    Use: Potion            |     1 |       ||     1
         Scroll            |       |     3 ||     3
 Armour: Robe              |    16 |     4 ||    20
  Dodge: Dodged            |    73 |    24 ||    97
